 Dungeon Crawl Stone Soup version 0.28.0-45-g0d030f2227 (webtiles) character file.

Game seed: 15455212402463186907

19 101zpm the Vexing (level 2, 0/16 HPs)
             Began as a Deep Elf Arcane Marksman on Apr 20, 2022.
             Slain by a jackal (3 damage)
             ... on level 1 of the Dungeon.
             The game lasted 00:02:34 (1002 turns).

101zpm the Vexing (Deep Elf Arcane Marksman)        Turns: 1002, Time: 00:02:35

Health: 0/16       AC:  2    Str:  7    XL:     2   Next: 55%
Magic:  6/6        EV: 13    Int: 17    God:
Gold:   60         SH:  0    Dex: 15    Spells: 3/4 levels left

rFire   . . .      SeeInvis .   (no weapon)
rCold   . . .      Faith    .   (no shield)
rNeg    . . .      Spirit   .   d - +0 robe
rPois   .          Reflect  .   (no helmet)
rElec   .          Harm     .   (no cloak)
rCorr   .          Rampage  .   (no gloves)
Will    .....                   (no boots)
Stlth   +.........              (no amulet)
HPRegen 0.05/turn               (no ring)
MPRegen 0.10/turn               (no ring)

@: no status effects
A: no striking features
a: no special abilities


You were on level 1 of the Dungeon.
You visited 1 branch of the dungeon, and saw 1 of its levels.

You collected 60 gold pieces.

Inventory:

Hand Weapons
 a - a +0 shortbow
Armour
 d - a +0 robe (worn)
Scrolls
 b - 2 scrolls of identify {unknown}


   Skills:
 + Level 0.8 Fighting
 + Level 3.5 Bows
 + Level 2.7 Dodging
 + Level 1.5 Spellcasting
 + Level 4.4 Hexes


You had 3 spell levels left.
You knew the following spells:

 Your Spells              Type           Power      Damage    Failure   Level
a - Slow                  Hex            64%        N/A       3%          1

Your spell library contained the following spells:

 Spells                   Type           Power      Damage    Failure   Level
 Inner Flame              Hex/Fire       8%         N/A       24%         3
 Portal Projectile        Hex/Tloc       16%        N/A       24%         3
 Cause Fear               Hex            8%         N/A       32%         4


Dungeon Overview and Level Annotations

Branches:
Dungeon (1/15)

Altars:


Message History

You barely miss the jackal. The jackal barely misses you. x2
You miss the jackal. The jackal closely misses you.
You barely miss the jackal. The jackal bites you.
You hit the jackal but do no damage. The jackal barely misses you. x2
You hit the jackal but do no damage. The jackal completely misses you.
You closely miss the jackal. The jackal bites you. x2
You barely miss the jackal. The jackal completely misses you.
You closely miss the jackal. The jackal completely misses you.
You closely miss the jackal.
The jackal bites you but does no damage.
The jackal completely misses you.
You hit the jackal but do no damage. The jackal bites you.
You barely miss the jackal. Your punch misses the jackal.
The jackal misses you. The jackal closely misses you.
You closely miss the jackal. The jackal barely misses you.
You hit the jackal but do no damage.
The jackal bites you but does no damage.
You hit the jackal.
The jackal is heavily wounded.
The jackal bites you.
* * * LOW HITPOINT WARNING * * *
The jackal bites you but does no damage.
You closely miss the jackal.
The jackal is heavily wounded.
The jackal closely misses you.
You closely miss the jackal.
The jackal is heavily wounded.
The jackal bites you.
* * * LOW HITPOINT WARNING * * *
The jackal barely misses you.
You hit the jackal but do no damage.
The jackal is heavily wounded.
The jackal barely misses you.
You hit the jackal but do no damage.
The jackal is heavily wounded.
The jackal bites you but does no damage.
You hit the jackal but do no damage.
The jackal is heavily wounded.
The jackal bites you.
You die...

#.#.#####.#
#.........#
###.#######
####...##
+.......#
####...##
##...# ###.#
#@# #h# #.# #.#
#.#
.((##########.#
(...(.(.......#
.....##########
#.#


You could see a jackal.

Vanquished Creatures
  2 dart slugs (D:1)
  A goblin (D:1)
  A hobgoblin (D:1)
  2 jackals (D:1)
  A quokka (D:1)
  2 ball pythons (D:1)
  3 kobolds (D:1)
  2 rats (D:1)
14 creatures vanquished.

Notes
Turn   | Place    | Note
-------+----------+-------------------------------------------
     0 | D:1      | 101zpm the Deep Elf Arcane Marksman began the quest for the
                  | Orb.
     0 | D:1      | Reached XP level 1. HP: 11/11 MP: 5/5
   390 | D:1      | Reached XP level 2. HP: 11/16 MP: 6/6
  1002 | D:1      | Slain by a jackal

Illustrated notes

Levels and vault maps discovered:
D:1:      lightli_arrival_flooded_house, layout_loops_corners

Skill      XL: |  1 |
---------------+----+-----
Bows           | 3 |  3.5
Fighting       | |  0.8
Dodging        | |  2.7
Spellcasting   | |  1.5
Hexes          | |  4.4

Action                   || total
-------------------------++-------
Melee: Unarmed           ||    32
 Fire: Shortbow          ||    69
 Cast: Slow              ||     4
Armor: Robe              ||     9
Dodge: Dodged            ||    55
